[Event "9th Beirut Open 2017"]
[Site "Beirut"]
[Date "2017.10.01"]
[Round "3"]
[White "Ibrahim, Hatim"]
[Black "Asmar, Elie"]
[Result "1-0"]
[ECO "A04"]
[WhiteElo "2331"]
[BlackElo "2061"]
[Annotator "NA"]
[PlyCount "63"]
[EventDate "2017.??.??"]
[EventCountry "LBN"]
[SourceTitle "playchess.com"]
[Source "ChessBase"]
[SourceQuality "1"]
[TimeControl "5400+30"]

1. Nf3 g6 2. c4 Nf6 3. Nc3 Bg7 4. e4 d6 5. d4 O-O 6. h3 c5 7. d5 a6 8. a4 e6 9. Bd3 e5 10. g4 Ne8 11. Rg1 f6 12. h4 Rf7 13. g5 f5 14. h5 f4 15. hxg6 hxg6 16. Nh4 Kh7 17. Rh1 Kg8 18. Rg1 Kh7 19. Be2 Bf8 20. Bh5 gxh5 21. g6+ Kh6 22. gxf7 Ng7 23. Rg6+ Kh7 24. Rxg7+ Kxg7 25. Qxh5 Qf6 26. Bd2 Qxf7 27. Qg5+ Kh7 28. O-O-O Bh6 29. Qd8 Qd7 30. Qf6 Qe8 31. Rg1 Nd7 32. Qf5+ 1-0

[Event "9th Beirut Open 2017"]
[Site "Beirut"]
[Date "2017.10.01"]
[Round "3"]
[White "Noah, A  H  Al-Ali"]
[Black "El Saleh, Riham"]
[Result "1-0"]
[ECO "A00"]
[WhiteElo "2299"]
[BlackElo "1466"]
[Annotator "NA"]
[PlyCount "51"]
[EventDate "2017.??.??"]
[EventCountry "LBN"]
[SourceTitle "playchess.com"]
[Source "ChessBase"]
[SourceQuality "1"]
[TimeControl "5400+30"]

1. d4 d5 2. c4 e6 3. g3 Nf6 4. Bg2 Nbd7 5. Nf3 Be7 6. O-O O-O 7. Nc3 c6 8. Bf4 dxc4 9. a4 Nb6 10. a5 Nbd5 11. Qc1 Nxf4 12. Qxf4 Nd5 13. Qc1 Bb4 14. a6 b5 15. Ne5 Qc7 16. e4 Nxc3 17. bxc3 Bd6 18. Nxc6 e5 19. dxe5 Bxe5 20. Nb4 Be6 21. f4 Bd6 22. f5 Bxb4 23. cxb4 Bd7 24. f6 Qb6+ 25. Kh1 Rad8 26. Qg5 1-0

[Event "9th Beirut Open 2017"]
[Site "Beirut"]
[Date "2017.10.01"]
[Round "3"]
[White "Khairallah, Faisal"]
[Black "Ghannam, Kotayba"]
[Result "1/2-1/2"]
[ECO "A00"]
[WhiteElo "2274"]
[BlackElo "2022"]
[Annotator "NA"]
[PlyCount "124"]
[EventDate "2017.??.??"]
[EventCountry "LBN"]
[SourceTitle "playchess.com"]
[Source "ChessBase"]
[SourceQuality "1"]
[TimeControl "5400+30"]

1. f4 Nf6 2. Nf3 d6 3. d3 g6 4. g3 Bg7 5. Bg2 O-O 6. O-O c5 7. e4 Nc6 8. h3 Bd7 9. g4 Nd4 10. Nbd2 Qc7 11. c3 Ne6 12. Nh2 Bb5 13. Qe2 Nd7 14. Ndf3 Qb6 15. Kh1 Qa6 16. Rd1 Ba4 17. Rf1 Bb5 18. Ne1 Nc7 19. g5 Rae8 20. Ng4 f5 21. exf5 Rxf5 22. c4 Bc6 23. Nf3 b5 24. Nh4 Rf7 25. f5 Ref8 26. Ne3 Ne5 27. Bd2 Bxg2+ 28. Qxg2 bxc4 29. dxc4 Nxc4 30. fxg6 Rxf1+ 31. Rxf1 Nxd2 32. gxh7+ Kxh7 33. Rxf8 Bxf8 34. Qxd2 Qb7+ 35. Neg2 Qe4 36. Qf2 Kg8 37. Nf5 Ne6 38. g6 Nd8 39. Kh2 e6 40. Ng3 Qxg6 41. Qf3 Nf7 42. Nf4 Qc2+ 43. Nge2 Qf5 44. Ng3 Qc2+ 45. Nge2 Qxb2 46. Nxe6 Qe5+ 47. N2f4 Nh8 48. Nxf8 Kxf8 49. Qa8+ Kg7 50. Qxa7+ Kf6 51. Qa4 Kg5 52. h4+ Kxh4 53. Kg2 Kg5 54. Nh3+ Kf6 55. Qh4+ Ke6 56. Nf4+ Kd7 57. Qh7+ Kc6 58. Kf3 d5 59. a4 Qc3+ 60. Kg4 Qf6 61. Qa7 Qd8 62. Qa6+ Kc7 1/2-1/2

[Event "9th Beirut Open 2017"]
[Site "Beirut"]
[Date "2017.10.01"]
[Round "3"]
[White "Tsatsalashvili, Keti"]
[Black "Saeed, Riad"]
[Result "1-0"]
[ECO "E91"]
[WhiteElo "2264"]
[BlackElo "1685"]
[Annotator "NA"]
[PlyCount "110"]
[EventDate "2017.??.??"]
[EventCountry "LBN"]
[SourceTitle "playchess.com"]
[Source "ChessBase"]
[SourceQuality "1"]
[TimeControl "5400+30"]

1. d4 d6 2. Nf3 Nf6 3. c4 g6 4. Nc3 Bg7 5. e4 O-O 6. Be2 a5 7. O-O Nc6 8. d5 Nb8 9. Be3 e5 10. c5 h6 11. Nd2 Nbd7 12. cxd6 cxd6 13. Nc4 Ne8 14. Qd2 Kh7 15. Rac1 f5 16. f3 f4 17. Bf2 g5 18. Nb5 Rf6 19. Na7 Rg6 20. Nxc8 Rxc8 21. Qxa5 Qe7 22. Nb6 Rxc1 23. Rxc1 Nxb6 24. Qxb6 h5 25. Rc8 g4 26. Qd8 Qxd8 27. Rxd8 Nf6 28. Rxd6 gxf3 29. Bxf3 Ng4 30. Rxg6 Kxg6 31. Bxg4 hxg4 32. b4 b5 33. Bc5 Bf6 34. Kf1 Bd8 35. Bd6 Bf6 36. Bc7 Kf7 37. h3 g3 38. Ke2 Ke8 39. Kf3 Kd7 40. Bb6 Be7 41. Bc5 Bd8 42. Ke2 Ke8 43. h4 Kf7 44. h5 Bf6 45. Bd6 Kg7 46. Bc7 Kf7 47. h6 Ke7 48. Bb6 Kf7 49. h7 Ke7 50. Kf3 Bh8 51. Bc5+ Kd7 52. Kg4 Ke8 53. a3 Kd7 54. Kf5 f3 55. gxf3 g2 1-0

[Event "9th Beirut Open 2017"]
[Site "Beirut"]
[Date "2017.10.01"]
[Round "3"]
[White "Ammoun, Hani"]
[Black "Abdo, Moussa"]
[Result "1-0"]
[ECO "A00"]
[WhiteElo "2109"]
[BlackElo "1753"]
[Annotator "NA"]
[PlyCount "101"]
[EventDate "2017.??.??"]
[EventCountry "LBN"]
[SourceTitle "playchess.com"]
[Source "ChessBase"]
[SourceQuality "1"]
[TimeControl "5400+30"]

1. c4 Nf6 2. g3 e6 3. Bg2 d5 4. d4 Be7 5. Nf3 O-O 6. O-O Nbd7 7. Qc2 Re8 8. Nbd2 Bf8 9. e4 dxe4 10. Nxe4 Nxe4 11. Qxe4 Nf6 12. Qc2 c6 13. b3 Qc7 14. Bb2 Be7 15. Rfe1 Bd7 16. Ne5 Rad8 17. Rad1 Bb4 18. Re2 Qa5 19. a3 Bf8 20. b4 Qc7 21. h3 Rc8 22. Qc3 Red8 23. Rde1 b5 24. Rc2 Qb8 25. Bc1 bxc4 26. Nxc4 Nd5 27. Qf3 Be7 28. Be3 Bf6 29. Rec1 Be8 30. h4 Kf8 31. Bh3 Kg8 32. Bf1 Bd7 33. Bd3 Nxe3 34. fxe3 e5 35. dxe5 Bxe5 36. Qe4 Bf6 37. Qxh7+ Kf8 38. Kg2 Bg4 39. Bf5 Bxf5 40. Qxf5 Re8 41. Qf4 Qb5 42. Kh2 Qd5 43. Rd2 Qe6 44. Qd6+ Kg8 45. Qxe6 Rxe6 46. Rd7 a6 47. Nd6 Rf8 48. Rxc6 Rxe3 49. Rxa6 Be5 50. Nf5 Re2+ 51. Kh3 1-0

[Event "9th Beirut Open 2017"]
[Site "Beirut"]
[Date "2017.10.01"]
[Round "3"]
[White "Moudallal, Tarek"]
[Black "Arcadan, Adib"]
[Result "1-0"]
[ECO "A00"]
[WhiteElo "2062"]
[BlackElo "1346"]
[Annotator "NA"]
[PlyCount "41"]
[EventDate "2017.??.??"]
[EventCountry "LBN"]
[SourceTitle "playchess.com"]
[Source "ChessBase"]
[SourceQuality "1"]
[TimeControl "5400+30"]

1. e4 c6 2. d4 d5 3. exd5 cxd5 4. Bd3 Nf6 5. c3 e6 6. Bf4 Nc6 7. Nd2 Bd6 8. Bg3 Qe7 9. Ngf3 Bd7 10. Ne5 O-O 11. O-O Nxe5 12. dxe5 Ne8 13. f4 f5 14. Qh5 g6 15. Qh3 Ng7 16. Bh4 Qf7 17. Be2 Rac8 18. Nf3 a6 19. Bf6 h5 20. Ng5 Qe8 21. Rf3 1-0

[Event "9th Beirut Open 2017"]
[Site "Beirut"]
[Date "2017.10.01"]
[Round "3"]
[White "Shamieh, Jamal"]
[Black "Gevorgyan, Maria"]
[Result "0-1"]
[ECO "A00"]
[WhiteElo "2046"]
[BlackElo "2262"]
[Annotator "NA"]
[PlyCount "57"]
[EventDate "2017.??.??"]
[EventCountry "LBN"]
[SourceTitle "playchess.com"]
[Source "ChessBase"]
[SourceQuality "1"]
[TimeControl "5400+30"]

1. Nf3 Nf6 2. d4 e6 3. g3 d5 4. Bg2 Be7 5. O-O O-O 6. Bg5 h6 7. Bxf6 Bxf6 8. Nbd2 c5 9. c3 cxd4 10. Nxd4 Nc6 11. N2b3 Qb6 12. Rc1 Rd8 13. e3 a5 14. Qc2 e5 15. Ne2 Be6 16. Rcd1 Rac8 17. Nbc1 d4 18. exd4 Nxd4 19. Qe4 Bd5 20. Qe3 Bxg2 21. Kxg2 Qc6+ 22. f3 Nc2 23. Qf2 Bg5 24. Rxd8+ Rxd8 25. Nf4 exf4 26. Qxc2 fxg3 27. Kxg3 Rd2 28. Qf5 Qc4 29. a3 0-1

[Event "9th Beirut Open 2017"]
[Site "Beirut"]
[Date "2017.10.01"]
[Round "3"]
[White "Novikova, Margarita"]
[Black "Bedrosian, Danielle"]
[Result "1-0"]
[ECO "A00"]
[WhiteElo "2004"]
[BlackElo "1696"]
[Annotator "NA"]
[PlyCount "49"]
[EventDate "2017.??.??"]
[EventCountry "LBN"]
[SourceTitle "playchess.com"]
[Source "ChessBase"]
[SourceQuality "1"]
[TimeControl "5400+30"]

1. e4 b6 2. d4 Bb7 3. Nc3 g6 4. Nf3 Bg7 5. Bd3 d6 6. O-O Nd7 7. Be3 h6 8. Qd2 e6 9. Rad1 Ne7 10. Ne2 g5 11. Ne1 e5 12. c3 Ng6 13. Ng3 O-O 14. Nf5 Nf6 15. f3 Nf4 16. Bc2 c5 17. g3 Ng6 18. dxc5 dxc5 19. Qc1 Qc7 20. h4 Nh7 21. hxg5 hxg5 22. Bxg5 f6 23. Bh6 Bxh6 24. Qxh6 Nh8 25. Bb3+ 1-0

[Event "9th Beirut Open 2017"]
[Site "Beirut"]
[Date "2017.10.01"]
[Round "3"]
[White "Zeidan, Mohammad"]
[Black "Khalili, Moustafa"]
[Result "0-1"]
[ECO "A00"]
[WhiteElo "1988"]
[BlackElo "1712"]
[Annotator "NA"]
[PlyCount "60"]
[EventDate "2017.??.??"]
[EventCountry "LBN"]
[SourceTitle "playchess.com"]
[Source "ChessBase"]
[SourceQuality "1"]
[TimeControl "5400+30"]

1. e4 c5 2. Nf3 d6 3. Nc3 Nc6 4. Bb5 e5 5. d3 Nf6 6. Bg5 Be7 7. Bxf6 Bxf6 8. a4 a6 9. Bc4 O-O 10. h3 Nd4 11. O-O Be6 12. Nxd4 cxd4 13. Ne2 d5 14. exd5 Bxd5 15. Bxd5 Qxd5 16. c4 dxc3 17. Nxc3 Qd4 18. Qe2 Rfd8 19. Rfd1 Rac8 20. Qg4 Qxg4 21. hxg4 Be7 22. Rac1 Bg5 23. Rb1 Be7 24. Kf1 Rd4 25. Ke2 Rxg4 26. Nd5 Bg5 27. b4 Rc2+ 28. Kf1 Rd4 29. Nb6 Rf4 30. f3 Rh4 0-1

[Event "9th Beirut Open 2017"]
[Site "Beirut"]
[Date "2017.10.01"]
[Round "3"]
[White "Nassar, Marc"]
[Black "Mikati, Hani"]
[Result "1/2-1/2"]
[ECO "A00"]
[WhiteElo "1911"]
[BlackElo "1693"]
[Annotator "NA"]
[PlyCount "92"]
[EventDate "2017.??.??"]
[EventCountry "LBN"]
[SourceTitle "playchess.com"]
[Source "ChessBase"]
[SourceQuality "1"]
[TimeControl "5400+30"]

1. e4 e5 2. f4 exf4 3. Nf3 g5 4. h4 g4 5. Ne5 d6 6. Nxg4 h5 7. Nf2 Be7 8. d4 Bxh4 9. Bxf4 Bxf2+ 10. Kxf2 Qf6 11. Qd2 Nh6 12. Kg1 Ng4 13. Nc3 c6 14. e5 dxe5 15. Bxe5 Nxe5 16. dxe5 Qe7 17. Ne4 Be6 18. Nf6+ Kf8 19. Rxh5 Rxh5 20. Nxh5 Nd7 21. Qh6+ Ke8 22. Ng7+ Kd8 23. Nxe6+ fxe6 24. Qh8+ Nf8 25. Rd1+ Kc7 26. Bd3 Rd8 27. Rf1 Ng6 28. Qh5 Qc5+ 29. Rf2 Rf8 30. Qe2 Nxe5 31. Kf1 Rh8 32. Qe4 Nxd3 33. Qxd3 Rh1+ 34. Ke2 Qe5+ 35. Kf3 Qh5+ 36. Ke3 Qe5+ 37. Kf3 Rh8 38. g3 Qe1 39. Qe2 Qh1+ 40. Ke3 Qh6+ 41. Kf3 Qh5+ 42. Ke3 Qg5+ 43. Kf3 Rg8 44. Qxe6 Qxg3+ 45. Ke2 Qg4+ 46. Qxg4 Rxg4 1/2-1/2

[Event "9th Beirut Open 2017"]
[Site "Beirut"]
[Date "2017.10.01"]
[Round "3"]
[White "Habash, Mohamad"]
[Black "Farhat, Jawad"]
[Result "1/2-1/2"]
[ECO "A00"]
[WhiteElo "1834"]
[BlackElo "1592"]
[Annotator "NA"]
[PlyCount "117"]
[EventDate "2017.??.??"]
[EventCountry "LBN"]
[SourceTitle "playchess.com"]
[Source "ChessBase"]
[SourceQuality "1"]
[TimeControl "5400+30"]

1. Nf3 Nf6 2. g3 d5 3. b3 Bf5 4. Bb2 e6 5. Bg2 h6 6. d3 Nbd7 7. Nbd2 Bd6 8. O-O O-O 9. c4 c6 10. e4 Bg4 11. h3 Bxf3 12. Nxf3 Qc7 13. Re1 Bc5 14. e5 Nh7 15. h4 Nb6 16. Nd2 Bb4 17. Rc1 dxc4 18. bxc4 Rfd8 19. d4 c5 20. Re4 Bxd2 21. Qxd2 cxd4 22. Rg4 Kh8 23. Ba3 Qd7 24. Bd6 Nc8 25. c5 Nxd6 26. Rxd4 Ne4 27. Rxd7 Nxd2 28. Rxd8+ Rxd8 29. Bxb7 Rd7 30. Bg2 Rc7 31. f4 Nf8 32. Kf2 Kg8 33. Ke3 f6 34. exf6 gxf6 35. Kxd2 Ng6 36. c6 e5 37. Rb1 Rc8 38. Rb7 exf4 39. c7 Ne7 40. gxf4 Kf7 41. Rxa7 Ke6 42. Ra6+ Kf7 43. Ra7 Ke6 44. Bh3+ f5 45. Ra6+ Kf7 46. Rxh6 Rxc7 47. Ra6 Rc4 48. h5 Rxf4 49. h6 Rh4 50. Bf1 Ng8 51. Ra7+ Ne7 52. Ra6 Ng8 53. Bc4+ Rxc4 54. h7 Kg7 55. Ra7+ Kh8 56. hxg8=Q+ Kxg8 57. a4 Kf8 58. a5 Ke8 59. a6 1/2-1/2

[Event "9th Beirut Open 2017"]
[Site "Beirut"]
[Date "2017.10.01"]
[Round "3"]
[White "Said, Riad"]
[Black "Khoder, Akram"]
[Result "1-0"]
[ECO "A00"]
[WhiteElo "1793"]
[BlackElo "1547"]
[Annotator "NA"]
[PlyCount "51"]
[EventDate "2017.??.??"]
[EventCountry "LBN"]
[SourceTitle "playchess.com"]
[Source "ChessBase"]
[SourceQuality "1"]
[TimeControl "5400+30"]

1. d4 d5 2. c4 e6 3. Nc3 Bb4 4. Nf3 Nf6 5. Bg5 Nc6 6. e3 Bd7 7. Bd3 dxc4 8. Bxc4 O-O 9. O-O Re8 10. a3 Bxc3 11. bxc3 Na5 12. Bd3 Bc6 13. e4 h6 14. Bh4 g5 15. Nxg5 hxg5 16. Bxg5 e5 17. d5 Bd7 18. f4 c6 19. fxe5 Qb6+ 20. Kh1 Ng4 21. e6 Nf2+ 22. Rxf2 Qxf2 23. exd7 Rf8 24. Qg4 Kg7 25. Bh4+ Kh8 26. Bxf2 1-0

[Event "9th Beirut Open 2017"]
[Site "Beirut"]
[Date "2017.10.01"]
[Round "3"]
[White "Moughames, Ronald"]
[Black "Khallouf, Abdallah"]
[Result "0-1"]
[ECO "A00"]
[WhiteElo "1769"]
[BlackElo "1530"]
[Annotator "NA"]
[PlyCount "44"]
[EventDate "2017.??.??"]
[EventCountry "LBN"]
[SourceTitle "playchess.com"]
[Source "ChessBase"]
[SourceQuality "1"]
[TimeControl "5400+30"]

1. e4 e5 2. Nf3 Nf6 3. d3 Nc6 4. Nc3 d5 5. Bg5 dxe4 6. dxe4 Qxd1+ 7. Kxd1 Be6 8. Bb5 Bd6 9. Bxf6 gxf6 10. Nd5 O-O-O 11. Nxf6 Be7+ 12. Nd5 Nb4 13. Kc1 Bxd5 14. exd5 e4 15. Nd2 Bg5 16. c3 Rxd5 17. cxb4 Rxd2 18. h4 Bh6 19. g4 Rxf2+ 20. g5 Bg7 21. Rb1 Be5 22. Re1 Bf4+ 0-1

[Event "9th Beirut Open 2017"]
[Site "Beirut"]
[Date "2017.10.01"]
[Round "3"]
[White "Jabr, Bernard"]
[Black "Fakhoury, Dory"]
[Result "1-0"]
[ECO "B21"]
[WhiteElo "1721"]
[BlackElo "1402"]
[Annotator "NA"]
[PlyCount "103"]
[EventDate "2017.??.??"]
[EventCountry "LBN"]
[SourceTitle "playchess.com"]
[Source "ChessBase"]
[SourceQuality "1"]
[TimeControl "5400+30"]

1. e4 c5 2. d4 cxd4 3. c3 dxc3 4. Nxc3 Nc6 5. Nf3 d6 6. Bc4 Bg4 7. Bxf7+ Kd7 8. O-O e6 9. Bxg8 Rxg8 10. e5 d5 11. Nxd5 Kc8 12. Ne3 Qxd1 13. Rxd1 Nxe5 14. Nxg4 Nxg4 15. Bf4 b6 16. Rac1+ Kb7 17. h3 Nf6 18. Ng5 Nd5 19. Nxe6 Nxf4 20. Nxf4 Bc5 21. Ne6 Rac8 22. Rd7+ Kb8 23. Nxc5 Rxc5 24. Rxc5 bxc5 25. Kf1 h6 26. Ke2 g5 27. Kd3 Rf8 28. f3 Rf6 29. Kc4 Rc6 30. b3 Ra6 31. a4 Rb6 32. a5 Rb4+ 33. Kxc5 Rxb3 34. Rh7 Rb2 35. Rxh6 Rxg2 36. a6 Rc2+ 37. Kd6 Rd2+ 38. Ke5 Rf2 39. Kf5 Rxf3+ 40. Kxg5 Rf7 41. Kg6 Rf2 42. h4 Kc7 43. h5 Rg2+ 44. Kf7 Rh2 45. Kg7 Rg2+ 46. Rg6 Rd2 47. Kh7 Rd5 48. h6 Rd8 49. Rf6 Rd2 50. Kg7 Rg2+ 51. Rg6 Rd2 52. h7 1-0

[Event "9th Beirut Open 2017"]
[Site "Beirut"]
[Date "2017.10.01"]
[Round "3"]
[White "Fawaz, Kassem"]
[Black "Sursock, Sameer"]
[Result "0-1"]
[ECO "A00"]
[WhiteElo "1719"]
[BlackElo "2033"]
[Annotator "NA"]
[PlyCount "72"]
[EventDate "2017.??.??"]
[EventCountry "LBN"]
[SourceTitle "playchess.com"]
[Source "ChessBase"]
[SourceQuality "1"]
[TimeControl "5400+30"]

1. d4 Nf6 2. c4 g6 3. Nc3 Bg7 4. Nf3 O-O 5. Bg5 c5 6. Qd2 cxd4 7. Nxd4 Nc6 8. Nf3 d6 9. e4 Bg4 10. Be2 Rc8 11. h3 Bxf3 12. gxf3 Ne5 13. b3 a6 14. f4 Ned7 15. f5 b5 16. Bh6 b4 17. Bxg7 Kxg7 18. Nd5 Nxe4 19. Qd4+ Nef6 20. fxg6 hxg6 21. O-O-O e5 22. Qe3 Nxd5 23. Rxd5 Nf6 24. Rd2 Qe7 25. h4 d5 26. h5 Rh8 27. f4 dxc4 28. Bxc4 Rxh5 29. Rxh5 Nxh5 30. Qxe5+ Qxe5 31. fxe5 Rc5 32. Rd7 Rxe5 33. Bxa6 Ra5 34. Bc4 Rxa2 35. Rxf7+ Kh6 36. Rb7 Rh2 0-1

[Event "9th Beirut Open 2017"]
[Site "Beirut"]
[Date "2017.10.01"]
[Round "3"]
[White "Berbari, Imad"]
[Black "Khechen, Nabil E"]
[Result "0-1"]
[ECO "A00"]
[WhiteElo "1680"]
[BlackElo "1956"]
[Annotator "NA"]
[PlyCount "138"]
[EventDate "2017.??.??"]
[EventCountry "LBN"]
[SourceTitle "playchess.com"]
[Source "ChessBase"]
[SourceQuality "1"]
[TimeControl "5400+30"]

1. e4 d6 2. d4 Nf6 3. Nc3 Nbd7 4. Be2 e5 5. d5 Be7 6. g4 h6 7. h4 c6 8. Bf3 Nb6 9. a4 a5 10. Nh3 cxd5 11. exd5 Nh7 12. h5 f5 13. gxf5 Bxf5 14. Bg4 Qd7 15. Rg1 Nf6 16. Be2 Kf7 17. Be3 Bd8 18. Bb5 Qc8 19. Qf3 Bxh3 20. Ne4 Bg4 21. Nxd6+ Kg8 22. Nxc8 Bxf3 23. Nxb6 Bxb6 24. Bxb6 Nxd5 25. Bc4 Kh7 26. Bxd5 Bxd5 27. O-O-O Bf3 28. Rd7 Rhg8 29. Re7 Rae8 30. Rc7 Re6 31. Bc5 Rc6 32. Rxc6 bxc6 33. Re1 e4 34. Bb6 Ra8 35. Bd4 Rd8 36. c3 Rd7 37. Bb6 Rd5 38. b4 axb4 39. cxb4 Rxh5 40. a5 Rb5 41. Bc5 Rb8 42. a6 h5 43. a7 Ra8 44. Kd2 g5 45. Ra1 Kg6 46. Bd6 h4 47. Ke1 g4 48. Kf1 e3 49. fxe3 g3 50. Kg1 Kf5 51. Bb8 Kg4 52. Ra2 h3 53. Rd2 h2+ 54. Rxh2 gxh2+ 55. Kxh2 Bd5 56. Kg1 Kf3 57. Kf1 Kxe3 58. Ke1 Kd3 59. Kd1 Kc3 60. Ke2 Kxb4 61. Kd3 Kc5 62. Kc3 Kb6 63. Kb4 c5+ 64. Ka4 Rxa7+ 65. Bxa7+ Kxa7 66. Kb5 c4 67. Kb4 Kb6 68. Ka3 c3 69. Kb4 c2 0-1

[Event "9th Beirut Open 2017"]
[Site "Beirut"]
[Date "2017.10.01"]
[Round "3"]
[White "Iaali, Abdelrahman"]
[Black "Altorky, Amer"]
[Result "0-1"]
[ECO "A00"]
[WhiteElo "1670"]
[BlackElo "1940"]
[Annotator "NA"]
[PlyCount "62"]
[EventDate "2017.??.??"]
[EventCountry "LBN"]
[SourceTitle "playchess.com"]
[Source "ChessBase"]
[SourceQuality "1"]
[TimeControl "5400+30"]

1. e4 c5 2. Nf3 a6 3. a4 e6 4. c3 d5 5. e5 Nc6 6. d4 Qb6 7. Bd3 cxd4 8. cxd4 Nb4 9. O-O Nxd3 10. Qxd3 Ne7 11. a5 Qd8 12. Bd2 Bd7 13. Qb3 Bb5 14. Rc1 Qd7 15. Na3 Be2 16. Qe3 Bxf3 17. Qxf3 Nc6 18. Qd3 Be7 19. Rab1 O-O 20. b4 f6 21. f4 Rac8 22. Rb3 fxe5 23. fxe5 Nxb4 24. Qb1 Rxc1+ 25. Bxc1 Qa4 26. Bd2 Nc6 27. Nc2 Nxd4 28. Rxb7 Nxc2 29. Rxe7 Qd4+ 30. Kh1 Qxd2 31. Rxe6 Ne3 0-1

[Event "9th Beirut Open 2017"]
[Site "Beirut"]
[Date "2017.10.01"]
[Round "3"]
[White "Kassas, Mohamad"]
[Black "Edelby, Ahmad"]
[Result "1-0"]
[ECO "A00"]
[WhiteElo "1633"]
[BlackElo "1531"]
[Annotator "NA"]
[PlyCount "71"]
[EventDate "2017.??.??"]
[EventCountry "LBN"]
[SourceTitle "playchess.com"]
[Source "ChessBase"]
[SourceQuality "1"]
[TimeControl "5400+30"]

1. d4 Nf6 2. c4 e6 3. Nc3 c5 4. d5 Be7 5. d6 Bf8 6. Nb5 Na6 7. Be3 b6 8. Bg5 Bb7 9. e3 g6 10. Nf3 Bg7 11. Bd3 O-O 12. e4 h6 13. Bxf6 Qxf6 14. O-O Qxb2 15. Rb1 Qxa2 16. e5 Bxf3 17. Qxf3 Bxe5 18. Rfe1 Bg7 19. Qb7 Nb4 20. Bf1 Rfd8 21. Qe4 Qc2 22. Qb7 Nd3 23. Bxd3 Qxd3 24. Rbc1 a6 25. Qxb6 axb5 26. cxb5 Bd4 27. Red1 Qf5 28. Qc7 Qxf2+ 29. Kh1 Rac8 30. b6 Rxc7 31. dxc7 Bf6 32. b7 Qf4 33. c8=Q Qb8 34. Qxb8 Rxb8 35. Rxd7 Bd4 36. Rxd4 1-0

[Event "9th Beirut Open 2017"]
[Site "Beirut"]
[Date "2017.10.01"]
[Round "3"]
[White "Eid, Wissam"]
[Black "El Jawich, Muhammad"]
[Result "0-1"]
[ECO "A00"]
[WhiteElo "1531"]
[BlackElo "1245"]
[Annotator "NA"]
[PlyCount "64"]
[EventDate "2017.??.??"]
[EventCountry "LBN"]
[SourceTitle "playchess.com"]
[Source "ChessBase"]
[SourceQuality "1"]
[TimeControl "5400+30"]

1. e4 e6 2. b3 d5 3. Bb2 dxe4 4. Nc3 Nf6 5. Qe2 Bb4 6. O-O-O Bxc3 7. dxc3 Nbd7 8. g4 h6 9. Nh3 b6 10. Bg2 Bb7 11. f3 exf3 12. Bxf3 Bxf3 13. Qxf3 O-O 14. g5 hxg5 15. Nxg5 Qe7 16. Qh3 Qc5 17. Rhg1 Qf5 18. Qh4 Ne5 19. Rdf1 Ng6 20. Qg3 Nh5 21. Qxc7 Qe5 22. Qxe5 Nxe5 23. c4 Ng6 24. Ne4 e5 25. Ba3 Rfd8 26. Rg5 Nhf4 27. h4 f6 28. Rgg1 Ne2+ 29. Kb2 Nxg1 30. Rxg1 Nxh4 31. Nxf6+ Kf7 32. Rf1 g6 0-1

[Event "9th Beirut Open 2017"]
[Site "Beirut"]
[Date "2017.10.01"]
[Round "3"]
[White "Kassar, Paul"]
[Black "Muhssen, Fared Saleh"]
[Result "0-1"]
[ECO "A00"]
[WhiteElo "1480"]
[BlackElo "1905"]
[Annotator "NA"]
[PlyCount "156"]
[EventDate "2017.??.??"]
[EventCountry "LBN"]
[SourceTitle "playchess.com"]
[Source "ChessBase"]
[SourceQuality "1"]
[TimeControl "5400+30"]

1. e4 c5 2. Bc4 e6 3. Nc3 a6 4. a4 Qc7 5. Nf3 Nc6 6. O-O Nf6 7. h3 Nd4 8. d3 Be7 9. Re1 d6 10. Be3 Nc6 11. b3 O-O 12. d4 cxd4 13. Bxd4 Rd8 14. Qe2 Nxd4 15. Nxd4 Bd7 16. Nf3 Bc6 17. Rad1 Rac8 18. Rd3 Bxa4 19. Nxa4 b5 20. Bxb5 axb5 21. Rc3 Qa5 22. Rxc8 Rxc8 23. Nb2 d5 24. exd5 Nxd5 25. c4 Nc3 26. Qc2 Bf6 27. Ne5 b4 28. Ned3 g6 29. Kh1 Qc7 30. f4 Qb7 31. c5 Ra8 32. c6 Qe7 33. Qf2 Nd5 34. Rc1 Rc8 35. Rc5 Qe8 36. Qd2 Be7 37. Rb5 f6 38. Nc4 Qxc6 39. Ra5 Rd8 40. Qf2 Nc3 41. Qe3 Nd5 42. Qf3 Kf7 43. Ne3 Qb6 44. Nc4 Qd4 45. Ra2 Rd7 46. Rd2 Qa1+ 47. Kh2 Qb1 48. Ndb2 Qf5 49. Rf2 Bd6 50. Nxd6+ Rxd6 51. Nc4 Ra6 52. Ne3 Qd3 53. Nxd5 Qxf3 54. Rxf3 exd5 55. Rd3 Ke6 56. Rd4 Rb6 57. Kg3 Kd6 58. Kf3 Kc5 59. Rd3 d4 60. g4 Kd5 61. h4 Rc6 62. h5 Rc3 63. Ke2 Rc2+ 64. Kf3 gxh5 65. gxh5 Rh2 66. Kg4 Ke4 67. Rd1 d3 68. f5 Rg2+ 69. Kh3 Re2 70. Kg3 Ke3 71. Rf1 Kd2 72. Kf3 Kc3 73. Rd1 Rd2 74. Rg1 Kxb3 75. Rg7 Rh2 76. Rxh7 d2 77. Rd7 Kc2 78. Rc7+ Kd1 0-1

[Event "9th Beirut Open 2017"]
[Site "Beirut"]
[Date "2017.10.01"]
[Round "3"]
[White "Fakoua, Khalil"]
[Black "Ghassan, Houmsi"]
[Result "0-1"]
[ECO "A00"]
[WhiteElo "1383"]
[BlackElo "1841"]
[Annotator "NA"]
[PlyCount "90"]
[EventDate "2017.??.??"]
[EventCountry "LBN"]
[SourceTitle "playchess.com"]
[Source "ChessBase"]
[SourceQuality "1"]
[TimeControl "5400+30"]

1. d4 d5 2. c4 e6 3. Nc3 Nf6 4. Bg5 c6 5. Qb3 Nbd7 6. Nf3 Be7 7. e3 O-O 8. Bd3 h6 9. Bh4 Nh5 10. Bxe7 Qxe7 11. O-O Nhf6 12. h3 e5 13. dxe5 Nxe5 14. Nxe5 Qxe5 15. Rfe1 dxc4 16. Bxc4 Qg5 17. Kh1 Qh4 18. Nd1 Ne4 19. Qc2 Bf5 20. Bd3 Rad8 21. Kg1 Rfe8 22. Kh2 Qf6 23. Bxe4 Bxe4 24. Qc3 Qg6 25. f3 Rd3 26. Qc1 Qd6+ 27. Kg1 Bg6 28. e4 Rd8 29. Nf2 Qd4 30. Kf1 Rd2 31. Nd1 Qd3+ 32. Kg1 Qd6 33. Nf2 Qd4 34. Rf1 Rxb2 35. Rb1 Rxa2 36. Rxb7 a5 37. Qd1 Rd2 38. Qe1 a4 39. Rb1 a3 40. Ra1 a2 41. Kh2 Qb2 42. Qc1 Rxf2 43. Rxf2 Qxf2 44. Qxc6 Rd2 45. Rg1 a1=Q 0-1

[Event "9th Beirut Open 2017"]
[Site "Beirut"]
[Date "2017.10.01"]
[Round "3"]
[White "Elghazzawi, Omar"]
[Black "Djikerian, Rafi"]
[Result "0-1"]
[ECO "B27"]
[WhiteElo "1332"]
[BlackElo "1835"]
[Annotator "NA"]
[PlyCount "180"]
[EventDate "2017.??.??"]
[EventCountry "LBN"]
[SourceTitle "playchess.com"]
[Source "ChessBase"]
[SourceQuality "1"]
[TimeControl "5400+30"]

1. e4 c5 2. Nf3 g6 3. g3 Bg7 4. Nc3 Nc6 5. Bg2 d6 6. O-O Bg4 7. h3 Bd7 8. d3 Nf6 9. Be3 O-O 10. Qd2 e5 11. Bh6 Nd4 12. Nxd4 cxd4 13. Ne2 Rc8 14. Bxg7 Kxg7 15. Rac1 Be6 16. f4 Ng8 17. f5 Bd7 18. Rf2 b6 19. Rcf1 f6 20. g4 g5 21. Ng3 Be8 22. Bf3 Bf7 23. Kg2 Ne7 24. Rh1 d5 25. h4 h6 26. h5 dxe4 27. dxe4 Qc7 28. a3 Rfd8 29. Rd1 Nc6 30. Be2 Na5 31. Bd3 Bc4 32. b4 Nb7 33. Nf1 Nd6 34. a4 Bxd3 35. cxd3 Qc3 36. Ng3 Qxd2 37. Rfxd2 Rc3 38. Ra2 Rdc8 39. Rdd2 Kf7 40. Ne2 R3c7 41. Kf3 Nb7 42. Kf2 a5 43. b5 Nc5 44. Ra3 Ke7 45. Ke1 Kd6 46. Kd1 Nb7 47. Rb2 Rc5 48. Kd2 Ke7 49. Kd1 Nd6 50. Rab3 Kd7 51. Ke1 Rc2 52. Kd1 Rxb2 53. Rxb2 Nb7 54. Rb3 Kd6 55. Kd2 Nc5 56. Ra3 Nb7 57. Nc1 Rc5 58. Rb3 Rc3 59. Rxc3 dxc3+ 60. Kxc3 Nc5 61. Kc4 Nxa4 62. Na2 Nb2+ 63. Kc3 Nd1+ 64. Kd2 Nb2 65. Nc3 a4 66. Kc2 a3 67. Nd5 Nxd3 68. Kb3 Nc5+ 69. Kxa3 Nxe4 70. Nxb6 Kc5 71. Nd7+ Kxb5 72. Kb2 Kc6 73. Nf8 Kd6 74. Kc2 Nf2 75. Ng6 Nxg4 76. Kd3 Kd7 77. Nf8+ Ke7 78. Ne6 Nf2+ 79. Ke3 Nd1+ 80. Ke4 Nc3+ 81. Ke3 Nd5+ 82. Ke4 Nf4 83. Nc5 Nxh5 84. Kf3 Ng7 85. Ke4 h5 86. Nd3 Kd6 87. Nf2 g4 88. Nh1 h4 89. Nf2 g3 90. Nh3 Kc5 0-1